 Dungeon Crawl Stone Soup version 0.31-a0-167-g1c394c0614 (webtiles) character file.

Game seed: 6821070652337100072

104 qw the Chopper (level 4, -1/28 HPs)
             Began as a Gargoyle Fighter on June 14, 2023.
             Slain by a gnoll
             ... wielding a +0 halberd
              (7 damage)
             ... on level 3 of the Dungeon.
             The game lasted 00:01:18 (2326 turns).

qw the Chopper (Gargoyle Fighter)                   Turns: 2326, Time: 00:01:18

Health: -1/28      AC: 15    Str: 22    XL:     4   Next: 80%
Magic:  4/4        EV:  8    Int:  8    God:
Gold:   164        SH:  4    Dex:  9    Spells: 3/3 levels left

rFire   + . .        Y - +0 war axe
rCold   . . .        c - +0 buckler
rNeg    + . .        l - +0 chain mail
rPois   inf          m - +0 helmet
rElec   +            (no cloak)
rCorr   .            (no gloves)
SInv    .            g - +0 pair of boots
Will    .....        (no amulet) Stlth
                     f - ring of protection from fire
HPRegen 0.24/turn    (no ring)
MPRegen 0.09/turn

%: no passive effects
@: no status effects
A: sickness immunity, AC +3, negative energy resistance 1, electricity
resistance, torment resistance 1, petrification resistance
a: no special abilities


You were on level 3 of the Dungeon.
You visited 1 branch of the dungeon, and saw 3 of its levels.

You collected 164 gold pieces.


Innate Abilities, Weirdness & Mutations

You are immune to sickness and miasma.
Your stone body is resilient. (AC +3)
You are immune to poison.
You resist negative energy. (rN+)
You are resistant to electric shocks. (rElec)
You are resistant to unholy torment.
You are immune to petrification.


   Skills:
 - Level 3.2 Fighting
 + Level 4.4 Axes
 - Level 3.2 Armour
 - Level 3.2 Shields


You had 3 spell levels left.
You didn't know any spells.
Your spell library was empty.

Inventory:

Hand Weapons
 b - a +0 mace
 Y - a +0 war axe (weapon)
Armour
 c - a +0 buckler (worn)
 g - a +0 pair of boots (worn)
 l - a +0 chain mail (worn)
 m - a +0 helmet (worn)
Jewellery
 f - a ring of protection from fire (left hand)
 n - an amulet of faith
Scrolls
 a - a scroll of teleportation
 h - 2 scrolls of identify
Potions
 d - 2 potions of might
 e - a potion of experience {unknown}
 i - a potion of heal wounds {unknown}
 j - a potion of curing {unknown}
 k - a potion of haste {unknown}

Dungeon Overview and Level Annotations

Branches:
Dungeon (3/15)

Altars:
Dithmenos


Message History

Enter note:
Enter note: You hit the gnoll.
The gnoll is lightly wounded.
The gnoll hits you with a +0 halberd!
The goblin shoots a sling bullet.
The sling bullet hits you but does no damage.
You closely miss the gnoll.
The gnoll is lightly wounded.
The gnoll barely misses you.
The goblin shoots a sling bullet.
The sling bullet barely misses you. The gnoll hits you with a +0 halberd!
You hit the gnoll.
The gnoll is moderately wounded.
The goblin shoots a sling bullet.
You block the sling bullet. The gnoll hits you but does no damage.
The goblin shoots a sling bullet.
The sling bullet barely misses you.
You hit the gnoll but do no damage.
The gnoll is moderately wounded.
The gnoll barely misses you.
The goblin shoots a sling bullet.
The sling bullet hits you but does no damage.
You slash the gnoll!
The gnoll is almost dead.
You hit the hobgoblin.
You kill the hobgoblin!
The gnoll barely misses you. x2
You hit the gnoll.
You kill the gnoll!
You block the adder's attack.
A gnoll comes into view. It is wielding a +0 halberd.
You miss the adder. The adder bites you but does no damage.
The adder completely misses you.
You closely miss the adder. The adder bites you.
The goblin shoots a sling bullet.
The sling bullet hits you but does no damage.
You closely miss the adder. You block the adder's attack.
The gnoll hits you from afar with a +0 halberd.
The goblin shoots a sling bullet.
The sling bullet barely misses you. The adder bites you but does no damage.
The gnoll hits you from afar with a +0 halberd!
You die...

#........# ## #........#
#.......)## #
#........<+ .#
#........## ..#
#........# ...+
#....)...# ....#
########.......?##g....#
#...............@Sg....#
#...............##g....#
#........#####'## ....#
##
#........#####'#########
+. #............g.....#
# #..................# #
####...............#
###....g...........#
...................#


You could see 3 gnolls, an adder and a goblin.

Vanquished Creatures
  A gnoll (D:3)
  3 adders
  A worm (D:2)
  3 dart slugs
  4 orcs (D:3)
  5 endoplasms (D:1)
  2 giant cockroaches
  4 goblins
  5 hobgoblins
  3 jackals (D:2)
  2 quokkas
  4 ball pythons
  4 bats
  2 frilled lizards (D:1)
  6 kobolds
  5 rats
54 creatures vanquished.

Notes
Turn   | Place    | Note
-------+----------+-------------------------------------------
     0 | D:1      | qw the Gargoyle Fighter began the quest for the Orb.
     0 | D:1      | Reached XP level 1. HP: 14/14 MP: 1/1
     0 | D:1      | 0 ||| qw: Version: 0.2-a-29-g1fa15c8
     0 | D:1      | 0 ||| qw: Game counter: 4864
     0 | D:1      | 0 ||| qw: Always use a shield: true
     0 | D:1      | 0 ||| qw: God list: Okawaru
     0 | D:1      | 0 ||| qw: Allow faded altars: false
     0 | D:1      | 0 ||| qw: Do Orc after D:15 true
     0 | D:1      | 0 ||| qw: Do second Lair branch before Depths: true
     0 | D:1      | 0 ||| qw: Lair rune preference: random
     0 | D:1      | 0 ||| qw: Plans: Normal, Zot:1-4, Slime:5, God:TSO, Crypt,
                  | Tomb, Abyss, Pan, Hells, Win
     0 | D:1      | 0 ||| PLANNING D:1-11
    54 | D:1      | Reached skill level 2 in Axes
   164 | D:1      | Reached XP level 2. HP: 13/19 MP: 2/2
   506 | D:1      | 506 ||| Stepping ~*~*~tactically~*~*~ (stealth).
   507 | D:1      | 507 ||| Stepping ~*~*~tactically~*~*~ (stealth).
   508 | D:1      | 508 ||| Stepping ~*~*~tactically~*~*~ (stealth).
   524 | D:1      | Reached skill level 3 in Axes
   610 | D:1      | Reached XP level 3. HP: 23/23 MP: 3/3
   774 | D:1      | 774 ||| DROPPING orb of guile.
   775 | D:1      | 775 ||| READING 2 scrolls labelled OSIMATIECW.
   780 | D:1      | 780 ||| READING 2 scrolls labelled TAF SUKYCH.
   781 | D:1      | 781 ||| READING scroll labelled ACZUGO LIFRYM.
   782 | D:1      | 782 ||| READING scroll labelled FUEGHO ORELINA.
   783 | D:1      | 783 ||| READING scroll labelled SEGGAHELOR.
   784 | D:1      | 784 ||| DRINKING 2 white potions.
   785 | D:1      | 785 ||| DROPPING potion of invisibility.
   786 | D:1      | 786 ||| DROPPING scroll of fear.
   930 | D:2      | 930 ||| Stepping ~*~*~tactically~*~*~ (stealth).
   931 | D:2      | 931 ||| Stepping ~*~*~tactically~*~*~ (stealth).
  1010 | D:2      | 1010 ||| Stepping ~*~*~tactically~*~*~ (hiding).
  1171 | D:2      | 1171 ||| Stepping ~*~*~tactically~*~*~ (hiding).
  1173 | D:2      | 1173 ||| Stepping ~*~*~tactically~*~*~ (hiding).
  1313 | D:2      | Reached XP level 4. HP: 25/28 MP: 4/4
  1330 | D:2      | 1330 ||| DROPPING +0 club.
  1440 | D:2      | 1440 ||| Stepping ~*~*~tactically~*~*~ (hiding).
  1757 | D:2      | 1757 ||| UPGRADING to +0 pair of boots.
  1762 | D:2      | 1762 ||| UPGRADING to +0 chain mail.
  1772 | D:2      | 1772 ||| DROPPING +0 scale mail.
  1773 | D:2      | 1773 ||| UPGRADING to +0 helmet.
  1778 | D:2      | 1778 ||| UPGRADING to ring of protection from fire.
  1913 | D:3      | 1913 ||| Stepping ~*~*~tactically~*~*~ (stealth).
  1922 | D:3      | Reached skill level 4 in Axes
  1928 | D:3      | 1928 ||| DROPPING +2 whip of freezing.
  1972 | D:3      | 1972 ||| Stepping ~*~*~tactically~*~*~ (hiding).
  2073 | D:3      | 2073 ||| Stepping ~*~*~tactically~*~*~ (stealth).
  2075 | D:3      | 2075 ||| Stepping ~*~*~tactically~*~*~ (stealth).
  2113 | D:3      | Found a shadowy altar of Dithmenos.
  2234 | D:3      | 2234 ||| Stepping ~*~*~tactically~*~*~ (hiding).
  2235 | D:3      | 2235 ||| Stepping ~*~*~tactically~*~*~ (hiding).
  2236 | D:3      | 2236 ||| Stepping ~*~*~tactically~*~*~ (hiding).
  2240 | D:3      | 2240 ||| Stepping ~*~*~tactically~*~*~ (hiding).
  2241 | D:3      | 2241 ||| Stepping ~*~*~tactically~*~*~ (hiding).
  2310 | D:3      | 2310 ||| Stepping ~*~*~tactically~*~*~ (stealth).
  2312 | D:3      | 2312 ||| Stepping ~*~*~tactically~*~*~ (stealth).
  2313 | D:3      | 2313 ||| Stepping ~*~*~tactically~*~*~ (stealth).
  2314 | D:3      | 2314 ||| Stepping ~*~*~tactically~*~*~ (hiding).
  2315 | D:3      | 2315 ||| Stepping ~*~*~tactically~*~*~ (hiding).
  2326 | D:3      | HP: 6/28 [gnoll/+0 halberd (3)]
  2326 | D:3      | Slain by a gnoll

Levels and vault maps discovered:
D:1:      ldierk_walled_garden_2, layout_basic, serial_corexii_hall,
          chequers_hall_statues_y, corexii_hall_statues_s,
          corexii_hall_statues_i, corexii_hall_statues_x
D:2:      layout_basic
D:3:      layout_basic, nicolae_dithmenos_shadow_blocks

Skill      XL: |  1  2  3  4 |
---------------+-------------+-----
Axes           | 2 3 4 |  4.4
Fighting       | |  3.2
Armour         | |  3.2
Shields        | |  3.2

Action                     |  1- 3 |  4- 6 || total
---------------------------+-------+-------++-------
  Melee: War axe           |   139 |    60 ||   199
    Use: Scroll            |     5 |       ||     5
         Potion            |     1 |       ||     1
   Stab: Invisible         |     1 |       ||     1
 Armour: Scale mail        |    63 |     5 ||    68
         Chain mail        |       |    37 ||    37
  Dodge: Dodged            |    69 |    25 ||    94
  Block: Buckler           |    25 |    11 ||    36

Table legend:
 A = Non-vault XP
 B = Vault XP
 C = Vault XP percentage of total XP
 D = Non-vault monster count
 E = Vault monster count
 F = Vault count percentage of total count
                 A         B        C        D         E       F
            +---------+---------+-------+---------+---------+-------
      Total |     149 |       0 |   0.0 |      54 |       0 |   0.0
            +---------+---------+-------+---------+---------+-------
        D:1 |      36 |       0 |   0.0 |      23 |       0 |   0.0
        D:2 |      50 |       0 |   0.0 |      18 |       0 |   0.0
        D:3 |      63 |       0 |   0.0 |      13 |       0 |   0.0
            +---------+---------+-------+---------+---------+-------
